 Dungeon Crawl Stone Soup version 0.32-a0-314-g526f7d4993 (webtiles) character file.

Game seed: 10074422532250151251

17122 Essalna the Arsonist (level 12, -9/68 HPs)
             Began as a Deep Elf Earth Elementalist on Feb 16, 2024.
             Was a Priest of Vehumet.
             Mangled by a boulder beetle (20 damage)
             ... on level 11 of the Dungeon.
             The game lasted 00:26:04 (10872 turns).

Essalna the Arsonist (Deep Elf Earth Elementalist) Turns: 10872, Time: 00:26:04

Health: -9/68      AC:  8    Str:  5    XL:     12   Next: 16%
Magic:  18/21      EV: 14    Int: 32    God:    Vehumet [***...]
Gold:   992        SH: 13    Dex: 21    Spells: 9/21 levels left

rFire   . . .        h - +2 dagger (venom)
rCold   . . .        I - +0 kite shield
rNeg    . . .        V - +0 troll leather armour
rPois   .            y - +0 helmet
rElec   .            (no cloak)
rCorr   .            e - +0 pair of gloves
SInv    .            n - +1 pair of boots
Will    +....        i - amulet of regeneration
Stlth   ++           E - +6 ring of dexterity
HPRegen 1.91/turn    G - +6 ring of intelligence
MPRegen 0.17/turn

%: no passive effects
@: about to teleport
A: no striking features
a: Renounce Religion


You were on level 11 of the Dungeon.
You worshipped Vehumet.
Vehumet was most pleased with you.
You visited 2 branches of the dungeon, and saw 12 of its levels.

You collected 992 gold pieces.

Inventory:

Hand Weapons
 d - a +0 short sword of speed
 h - a +2 dagger of venom (weapon)
Missiles
 L - 3 throwing nets
Armour
 a - a +0 robe
 e - a +0 pair of gloves (worn)
 n - a +1 pair of boots (worn)
 y - a +0 helmet (worn)
 I - a +0 kite shield (worn)
 U - +0 steam dragon scales
 V - a +0 troll leather armour (worn)
Magical Staves
 q - a staff of cold
 B - a staff of air
Jewellery
 i - an amulet of regeneration (around neck)
 r - a ring of resist corrosion
 u - a ring of positive energy
 E - a +6 ring of dexterity (left hand)
 G - a +6 ring of intelligence (right hand)
 R - the necklace of Bloodlust {Fury *Rage Will++ Int-3 Slay+6}
   (You found it on level 8 of the Dungeon)

   [amulet of nothing]

   Fury:      It extends the wearer's berserk rage when killing foes.
   Int-3:     It affects your intelligence (-3).
   Slay+6:    It affects your accuracy & damage with ranged weapons and melee
   (+6).
   Will++:    It greatly increases your willpower.
   *Rage:     It berserks you when you make melee attacks (+50% chance).
 T - a ring of protection from cold
Wands
 D - a wand of paralysis (23)
 J - a wand of iceblast (15)
 Q - a wand of polymorph (15)
 S - a wand of flame (20)
Scrolls
 c - a scroll of fog
 g - a scroll of teleportation
 l - 2 scrolls of blinking {unknown}
 m - 4 scrolls of enchant weapon
 o - a scroll of revelation
 s - a scroll of amnesia
 t - a scroll of enchant armour
 x - a scroll of silence {unknown}
 C - a scroll of noise {unknown}
 K - 4 scrolls of vulnerability {unknown}
 M - 3 scrolls of identify
 O - 2 scrolls of fear {unknown}
 P - a scroll of poison {unknown}
Potions
 b - 4 potions of magic
 f - 3 potions of heal wounds
 j - 3 potions of curing {unknown}
 k - a potion of haste {unknown}
 p - a potion of mutation {unknown}
 v - 3 potions of brilliance {unknown}
 w - a potion of cancellation {unknown}
 z - 2 potions of enlightenment {unknown}
 A - a potion of berserk rage {unknown}
 F - 3 potions of lignification {unknown}
 H - 2 potions of degeneration {unknown}
 N - a potion of ambrosia {unknown}
Miscellaneous
 W - a sack of spiders


   Skills:
 - Level 5.0 Fighting
 - Level 5.0 Armour
 - Level 8.0 Dodging
 - Level 2.4 Stealth
 + Level 9.6 Shields
 - Level 5.0 Spellcasting
 - Level 7.6 Conjurations
 + Level 9.9 Fire Magic
 - Level 6.0 Earth Magic


You had 9 spell levels left.
You knew the following spells:

 Your Spells              Type           Power      Damage    Failure   Level
a - Sandblast             Erth           92%        2d19      1%          1
b - Stone Arrow           Conj/Erth      100%       3d13      2%          3
c - Ignition              Fire           32%        3d10      100%        8

Your spell library contained the following spells:

 Spells                   Type           Power      Damage    Failure   Level
 Volatile Blastmotes      Fire/Tloc      78%        2d16      4%          3
 Magic Dart               Conj           100%       1d8       1%          1
 Searing Ray              Conj           100%       2d8       1%          2
 Sting                    Conj/Alch      100%       1d9       2%          1
 Inner Flame              Hex/Fire       39%        N/A       4%          3
 Dazzling Flash           Conj/Hex       64%        N/A       7%          3
 Hailstorm                Conj/Ice       32%        3d8       7%          3
 Brom's Barrelling Bould  Conj/Erth      51%        2d7       7%          4
 Freeze                   Ice            32%        1d5       11%         1
 Passwall                 Erth           46%        N/A       11%         3
 Mephitic Cloud           Conj/Alch/Air  24%        N/A       12%         3
 Mercury Vapours          Alch/Air       16%        N/A       17%         2
 Fulminant Prism          Conj/Alch      16%        3d11      22%         4
 Frozen Ramparts          Ice            16%        1d3       30%         3
 Apportation              Tloc           16%        N/A       38%         1
 Slow                     Hex            32%        N/A       38%         1
 Irradiate                Conj/Alch      16%        3d17      50%         5
 Ensorcelled Hibernation  Hex/Ice        16%        N/A       54%         2
 Olgreb's Toxic Radiance  Alch           8%         N/A       67%         4
 Confusing Touch          Hex            8%         N/A       77%         3
 Fugue of the Fallen      Necr           8%         N/A       77%         3
 Gell's Gravitas          Tloc           8%         N/A       77%         3
 Ozocubu's Armour         Ice            8%         N/A       77%         3
 Sigil of Binding         Hex            8%         N/A       77%         3
 Teleport Other           Tloc           8%         N/A       77%         3
 Vampiric Draining        Necr           8%         2d6       77%         3
 Animate Armour           Summ/Erth      54%        N/A       77%         4
 Petrify                  Alch/Erth      27%        N/A       77%         4
 Anguish                  Hex/Necr       4%         N/A       99%         4
 Dimensional Bullseye     Hex/Tloc       4%         N/A       99%         4
 Curse of Agony           Necr           8%         N/A       100%        5
 Metabolic Englaciation   Hex/Ice        4%         N/A       100%        5
 Silence                  Hex/Air        4%         N/A       100%        5
 Dispersal                Tloc           4%         N/A       100%        6
 Sculpt Simulacrum        Ice/Alch       4%         N/A       100%        6
 Haunt                    Necr/Summ      4%         N/A       100%        7
 Summon Hydra             Summ           4%         N/A       100%        7


Dungeon Overview and Level Annotations

Branches:
Dungeon (11/15)            Temple (1/1) D:7            Lair (0/5) D:9
    Orc: D:9-12

Altars:
Ashenzari
Cheibriados
Dithmenos
Elyvilon
Fedhas
Gozag
Hepliaklqana
Kikubaaqudgha
Makhleb
Nemelex Xobeh
Okawaru
Qazlal
Ru
Sif Muna
Trog
Uskayaw
Vehumet
Wu Jian
Xom
Yredelemnul
Zin
The Shining One

Shops:
D:10 *

Annotations:
D:4 1 runed translucent door, Crazy Yiuf
D:11 3 runed translucent doors


Message History

a +2 orcbow of electrocution; a yak corpse You can't see any susceptible monsters within range! (Use Z to cast anyway.)
You can't see any susceptible monsters within range! (Use Z to cast anyway.)
You can't see any susceptible monsters within range! (Use Z to cast anyway.)
What are your orders? t - Shout!
Orders for allies: a - Attack new target. r - Retreat! s - Stop attacking. g - Guard the area. f - Follow me.
Anything else - Cancel.
You shout for attention!
The yak bellows!
You hear an angry buzzing noise.
You see here a killer bee corpse.
The blast of sand hits the killer bee!!
You kill the killer bee!
Vehumet accepts your kill.
You feel your power returning.
The blast of sand hits the boulder beetle but does no damage.
The blast of sand hits the boulder beetle but does no damage.
The boulder beetle curls into a ball and begins rolling!
The blast of sand hits the boulder beetle but does no damage.
The boulder beetle hits you!!!
Ouch! That really hurt!
The boulder beetle stops rolling and uncurls.
You hear two shouts!
You hit the boulder beetle but do no damage.
The boulder beetle misses you.
You hit the boulder beetle.
The boulder beetle is lightly wounded.
You block the boulder beetle's attack. x2
You hit the boulder beetle but do no damage.
The boulder beetle is poisoned.
The boulder beetle bites you!
You hit the boulder beetle but do no damage.
The boulder beetle looks as sick as possible!
The boulder beetle is lightly wounded.
A two-headed ogre comes into view.
It is wielding a +0 giant spiked club and a +0 giant club.
The boulder beetle bites you!
* * * LOW HITPOINT WARNING * * *
As you read the scroll of teleportation, it crumbles to dust.
You feel strangely unstable. The boulder beetle bites you!!
You die...

+++ # #.# ./
#.### #...#
###.# ###
#.# .. #.# #
#. #.#
....##.###.#
#.O†.YB@..#
#.###.#####
..#.#
#Y#.#.#
#.#Y#.#
#Y#<#.#
..#.#.#
#.#.#.#
#.#Y#.#


You could see a boulder beetle (extremely poisoned), a two-headed ogre and a
yak.

Vanquished Creatures
  Harold (D:9)
  A boulder beetle (D:11)
  A two-headed ogre (D:10)
  Lodul (D:10)
  Amaemon (D:10)
  A deep troll (D:8)
  A cyclops (D:9)
  An orange demon (D:10)
  Jeremiah (D:6)
  An unseen horror (D:11)
  Maggie (D:10)
  Psyche (D:11)
  A troll (D:10)
  Prince Ribbit (D:7)
  Grinder (D:6)
  4 wyverns
  A basilisk (D:9)
  28 yaks
  Grum (D:8)
  4 acid dragons (D:10)
  8 water moccasins
  4 orc warriors
  7 black bears
  An ice beast (D:5)
  A sky beast (D:4)
  4 wolves (D:9)
  7 ogres
  4 centaurs
  3 kobold brigands
  2 bullfrogs
  3 gnoll sergeants
  A scorpion (D:7)
  14 wights
  6 killer bees
  3 bombardier beetles
  3 electric eels (D:10)
  A hound (D:5)
  3 jellies
  5 orc priests
  4 iguanas (D:5)
  8 orc wizards
  A sleepcap (D:5)
  Robin (D:4)
  10 gnolls
  9 adders
  A white imp (D:5)
  2 ufetubi (D:6)
  3 dart slugs
  A ribbon worm (D:4)
  26 orcs
  3 endoplasms
  3 giant cockroaches
  16 goblins
  10 hobgoblins
  24 kobolds
  6 quokkas
  6 ball pythons
  6 bats
  4 frilled lizards
  8 rats
285 creatures vanquished.

Notes
Turn   | Place    | Note
-------+----------+-------------------------------------------
     0 | D:1      | Essalna the Deep Elf Earth Elementalist began the quest for
                  | the Orb.
     0 | D:1      | Reached XP level 1. HP: 10/10 MP: 6/6
   117 | D:1      | Reached XP level 2. HP: 15/15 MP: 6/8
   349 | D:1      | Reached XP level 3. HP: 19/19 MP: 8/10
   382 | D:1      | Learned a level 3 spell: Stone Arrow
   865 | D:1      | Found a faded altar of an unknown god.
  1225 | D:2      | Reached XP level 4. HP: 24/24 MP: 10/12
  1348 | D:2      | Got the Atlas of the Curse
  1845 | D:3      | Reached XP level 5. HP: 25/28 MP: 5/14
  1847 | D:3      | Reached skill level 5 in Spellcasting
  2443 | D:4      | Noticed Robin
  2527 | D:4      | Noticed an ogre
  2608 | D:4      | Killed an ogre
  2609 | D:4      | Reached skill level 5 in Earth Magic
  2609 | D:4      | Reached XP level 6. HP: 33/33 MP: 11/15
  2734 | D:4      | Reached skill level 1 in Armour
  2776 | D:4      | Reached skill level 1 in Fighting
  3190 | D:4      | Found a runed translucent door.
  3191 | D:4      | Noticed Crazy Yiuf
  3284 | D:4      | Noticed a sky beast
  3287 | D:4      | Killed a sky beast
  3288 | D:4      | Reached XP level 7. HP: 39/39 MP: 13/16
  3394 | D:4      | Killed Robin
  3751 | D:5      | Entered Level 5 of the Dungeon
  4105 | D:5      | Reached skill level 5 in Conjurations
  4105 | D:5      | Reached XP level 8. HP: 45/45 MP: 15/17
  4146 | D:5      | Found a glowing golden altar of the Shining One.
  4387 | D:6      | Reached skill level 5 in Dodging
  4887 | D:6      | Reached XP level 9. HP: 40/52 MP: 14/18
  4958 | D:6      | Noticed Grinder
  4959 | D:6      | Paralysed by Grinder for 4 turns
  4965 | D:6      | Paralysed by Grinder for 5 turns
  4971 | D:6      | Killed Grinder
  5328 | D:6      | Noticed Jeremiah
  5642 | D:6      | Killed Jeremiah
  5850 | D:7      | Noticed Prince Ribbit
  5854 | D:7      | Killed Prince Ribbit
  5857 | D:7      | Reached skill level 5 in Fighting
  5970 | D:7      | Reached skill level 5 in Armour
  6206 | D:7      | Found a staircase to the Ecumenical Temple.
  6221 | Temple   | Entered the Ecumenical Temple
  6236 | Temple   | Became a worshipper of Vehumet
  6267 | D:7      | Reached skill level 1 in Shields
  6492 | D:7      | Found a snail-covered altar of Cheibriados.
  6495 | D:7      | Found an opulent altar of Gozag.
  6857 | D:8      | Reached XP level 10. HP: 53/59 MP: 14/19
  7019 | D:8      | Noticed Grum
  7032 | D:9      | Noticed Harold
  7087 | D:9      | Killed Harold
  7247 | D:9      | Reached * piety under Vehumet
  7247 | D:9      | Offered knowledge of Kiss of Death by Vehumet.
  7248 | D:9      | Reached skill level 5 in Shields
  7586 | D:9      | Learned a level 8 spell: Ignition
  7596 | D:9      | Reached skill level 1 in Fire Magic
  7803 | D:9      | Found a staircase to the Lair.
  8119 | D:8      | Got Nekys's Omnibus of the Associated Voyage
  8325 | D:8      | Killed Grum
  8402 | D:8      | Reached skill level 5 in Fire Magic
  8573 | D:8      | Reached XP level 11. HP: 63/63 MP: 18/20
  8778 | D:8      | Noticed a deep troll
  8786 | D:8      | Killed a deep troll
  8887 | D:8      | Found the necklace of Bloodlust {Fury *Rage Will++ Int-3
                  | Slay+6}
  9104 | D:10     | Entered Level 10 of the Dungeon
  9118 | D:9      | Offered knowledge of Static Discharge by Vehumet.
  9123 | D:9      | Reached ** piety under Vehumet
  9271 | D:10     | Found Serobb's Changing Room.
  9355 | D:10     | Noticed Lodul
  9386 | D:11     | Noticed Psyche
  9388 | D:11     | Killed Psyche
  9597 | D:10     | Killed Lodul
  9689 | D:10     | Noticed Maggie
  9693 | D:10     | Killed Maggie
  9773 | D:10     | Found a hide-covered altar of Uskayaw.
  9975 | D:10     | Offered knowledge of Volatile Blastmotes by Vehumet.
 10211 | D:10     | Noticed a two-headed ogre
 10221 | D:10     | Killed a two-headed ogre
 10461 | D:10     | Noticed Amaemon
 10474 | D:10     | Killed Amaemon
 10474 | D:10     | Reached *** piety under Vehumet
 10475 | D:10     | Reached XP level 12. HP: 68/68 MP: 6/21
 10733 | D:11     | Found a runed translucent gate.
 10733 | D:11     | Found a runed translucent gate.
 10734 | D:11     | Found a runed translucent gate.
 10766 | D:11     | Noticed a boulder beetle
 10802 | D:11     | Noticed a boulder beetle
 10822 | D:11     | Killed a boulder beetle
 10871 | D:11     | Noticed a two-headed ogre
 10872 | D:11     | Mangled by a boulder beetle

Illustrated notes

Levels and vault maps discovered:
D:1:      dpeg_arrival_boxes_within_box, layout_basic,
          shapermc_ecumenical_altar_mp_vishouse, kennysheep_flooded_box,
          minmay_misc_feat_secret_circle, corexii_hall_statues_t,
          hangedman_decor_push, minmay_tiny_reverse_x
D:2:      layout_basic
D:3:      layout_rooms
D:4:      layout_layer_cave, uniq_crazy_yiuf_cottage, uniq_robin
D:5:      layout_cave_pools, mainiacjoe_overflow_24_doors, st_stairs_5
D:6:      layout_loops_ring, eino_tiny_chamber, mrwooster_statue_mirror,
          uniq_grinder, uniq_jeremiah
D:7:      layout_basic, gammafunk_temple_overflow_statue,
          minmay_temple_entry_arrows, uniq_prince_ribbit1
D:8:      layout_basic, hellmonk_guarded_unrand_vitality_bloodlust, uniq_grum
D:9:      layout_layer_cave, minmay_lair_entry_grove, uniq_harold
D:10:     layout_rooms, nicolae_uskayaw_dance_studio, serial_bayou_ford_a,
          nicolae_transmutations_shop, amcnicky_mini_pool_medium, uniq_lodul,
          uniq_maggie, uniq_amaemon
D:11:     wad_woods_minihive, layout_loops_ring,
          kennysheep_orc_monster_closet_entryway, gammafunk_ghost_necromancy,
          uniq_psyche
Temple:   hc_temple_tempest_star

Skill      XL: |  1  2  3  4  5  6  7  8  9 10 11 |
---------------+----------------------------------+-----
Conjurations   | 2 3 4 5 6 7 |  7.6
Spellcasting   | 4 5 |  5.0
Earth Magic    | 4 5 6 |  6.0
Dodging        | 3 4 6 8 |  8.0
Armour         | 1 2 3 5 |  5.0
Fighting       | 1 2 3 5 |  5.0
Shields        | 2 7 9 |  9.6
Fire Magic     | 5 9 |  9.9
Stealth        | |  2.4

Action                     |  1- 3 |  4- 6 |  7- 9 | 10-12 || total
---------------------------+-------+-------+-------+-------++-------
  Melee: Dagger            |     1 |       |     1 |    31 ||    33
   Cast: Sandblast         |    41 |    75 |   186 |   264 ||   566
         Stone Arrow       |       |       |     4 |    38 ||    42
    Use: Scroll            |       |     1 |     5 |     2 ||     8
         Potion            |       |       |       |     1 ||     1
 Armour: Robe              |     5 |    22 |    70 |    63 ||   160
         Troll leather arm |       |       |       |    61 ||    61
         Steam dragon scal |       |       |       |    14 ||    14
  Dodge: Dodged            |     6 |    28 |    58 |   110 ||   202
  Block: Kite shield       |       |       |     5 |   141 ||   146

Table legend: (Time is in decaauts)
 A = Elapsed time spent in this place.
 B = Non-inter-level travel time spent in this place.
 C = Inter-level travel time spent in this place.
 D = Time resting spent in this place.
 E = Time spent auto-exploring this place.
 F = Levels seen in this place.
 G = Mean time per level.
                   A        B        C        D        E       F      G
               +--------+--------+--------+--------+--------+-----+--------+
         Total |  11162 |  10659 |    503 |     47 |   8605 |  12 |  930.2 |
       Dungeon |  11131 |  10656 |    475 |     47 |   8605 |  11 | 1011.9 |
        Temple |     30 |      2 |     28 |      0 |      0 |   1 |   30.0 |
               +--------+--------+--------+--------+--------+-----+--------+

Top non-repeatable levels by time:
    D:10: 1579 daAuts
     D:4: 1471 daAuts
     D:8: 1404 daAuts
     D:9: 1271 daAuts
     D:6: 1127 daAuts
     D:7: 1040 daAuts
     D:1: 951 daAuts
     D:2: 785 daAuts
     D:5: 652 daAuts
     D:3: 612 daAuts
    D:11: 234 daAuts
  Temple: 30 daAuts
